 Dungeon Crawl Stone Soup version 0.21.0 (webtiles) character file.

47 HungrySpirit the Charlatan (level 3, -1/20 HPs)
             Began as a Deep Elf Artificer on Jan 7, 2018.
             Slain by a human zombie (3 damage)
             ... on level 2 of the Dungeon.
             The game lasted 00:03:19 (1869 turns).

HungrySpirit the Charlatan (Deep Elf Artificer)     Turns: 1869, Time: 00:03:21

Health: -1/20      AC:  3    Str:  9    XL:     3   Next: 48%
Magic:  8/8        EV: 13    Int: 16    God:
Gold:   57         SH:  0    Dex: 15    Spells: 6/6 levels left

rFire    . . .     SeeInvis .   i - +0 short sword
rCold    . . .     Gourm    .   (no shield)
rNeg     . . .     Faith    .   b - +0 leather armour
rPois    .         Spirit   .   (no helmet)
rElec    .         Reflect  .   (no cloak)
rCorr    .         Harm     .   (no gloves)
MR       .....                  (no boots)
Stlth    ++........             (no amulet)
HPRegen  0.06/turn              (no ring)
MPRegen  0.11/turn              (no ring)

@: no status effects
A: no striking features
a: no special abilities


You were on level 2 of the Dungeon.
You were not hungry.

You visited 1 branch of the dungeon, and saw 2 of its levels.

You collected 57 gold pieces.

Inventory:

Hand Weapons
 i - a +0 short sword (weapon)
Armour
 b - a +0 leather armour (worn)
Wands
 c - a wand of flame (2)
 d - a wand of enslavement (15)
 e - a wand of random effects (12)
Scrolls
 g - a scroll of magic mapping {unknown}
 h - a scroll of enchant armour {unknown}
 j - 3 scrolls of blinking {unknown}
 k - 2 scrolls of remove curse {unknown}
 l - a scroll of identify {unknown}
 n - a scroll of teleportation {unknown}
Potions
 a - a potion of mutation {unknown}
 m - a potion of heal wounds {unknown}
 o - a potion of invisibility {unknown}
Comestibles
 f - 2 rations
 p - 4 chunks of flesh


   Skills:
 - Level 1.1 Fighting
 + Level 2.1 Short Blades
 + Level 3.1 Dodging
 - Level 1.2 Stealth
 * Level 2.0 Spellcasting
 - Level 3.2 Evocations


You had 6 spell levels left.
You didn't know any spells.

Dungeon Overview and Level Annotations

Branches:
Dungeon (2/15)

Altars:
Yredelemnul

Annotations:
D:2 1 runed door


Message History

The human zombie is moderately damaged.
The human zombie hits you but does no damage.
Evoke which item? (* to show all) (? for menu, Esc to quit)
Aiming: Random Effects
Press: ? - help, Shift-Dir - straight line, f/p - human zombie
Aim: a human zombie (moderately damaged)
The bolt of poison misses the human zombie.
The human zombie hits you.
Evoke which item? (* to show all) (? for menu, Esc to quit)
Aiming: Random Effects
Press: ? - help, Shift-Dir - straight line, f/p - human zombie
Aim: a human zombie (moderately damaged)
The fireball explodes!
The fireball engulfs the human zombie.
The human zombie is heavily damaged.
The fireball engulfs you!
Ouch! That really hurt!
* * * LOW HITPOINT WARNING * * *
You hear a shout!
The human zombie hits you.
You die...

#.........# #....#
#.######### #........
#.# ###....(
#.##############......
#.†.................#..
###..)........###.#.#..
#..[........>+........
#............#.Z.###..
#............#@..#p#..
#................#+#..
#.....................
#.############8.#####.
#. ####...# #. _.# .#
##


You could see a human zombie and a neutral human.

Vanquished Creatures
  An ooze (D:2)
  2 dart slugs (D:1)
  2 ball pythons (D:2)
  A giant cockroach (D:1)
  4 hobgoblins (D:1)
  2 jackals (D:1)
  5 kobolds (D:1)
  A quokka (D:2)
  4 bats
  6 frilled lizards
  5 goblins
  5 rats
38 creatures vanquished.

Notes
Turn   | Place    | Note
-------+----------+-------------------------------------------
     0 | D:1      | HungrySpirit the Deep Elf Artificer began the quest for the Orb.
     0 | D:1      | Reached XP level 1. HP: 11/11 MP: 5/5
   303 | D:1      | Reached skill level 1 in Fighting
   342 | D:1      | Reached XP level 2. HP: 12/16 MP: 6/6
   658 | D:1      | Reached skill level 1 in Spellcasting
  1147 | D:1      | Reached XP level 3. HP: 19/20 MP: 7/7
  1857 | D:2      | Found a runed door.
  1857 | D:2      | Noticed a human
  1860 | D:2      | Found a basalt altar of Yredelemnul.
  1869 | D:2      | Slain by a human zombie

Skill      XL: |  1  2  3 |
---------------+----------+-----
Fighting       | 1 |  1.1
Short Blades   | 2 |  2.1
Spellcasting   | 1 2 |  2.0
Dodging        | 3 |  3.1
Stealth        | |  1.2
Evocations     | |  3.2

Action                   || total
-------------------------++-------
Melee: Short sword       ||   114
Evoke: Wand              ||    16
 Stab: Sleeping          ||     4
  Eat: Chunk             ||     3
Armor: Leather armour    ||    52
Dodge: Dodged            ||    81
